 Dungeon Crawl Stone Soup version 0.18.1-48-g4cf74bf (webtiles) character file.

30743 vale the Nimble (level 13, -3/69 HPs)
             Began as a Spriggan Warper on Aug 17, 2016.
             Was a High Priest of Dithmenos.
             Slain by a death yak (26 damage)
             ... on level 7 of the Lair of Beasts.
             The game lasted 01:58:32 (34768 turns).

vale the Nimble (Spriggan Warper)                  Turns: 34768, Time: 01:58:32

Health: -3/69      AC:  6    Str:  7    XL:     13   Next: 22%
Magic:  23/29      EV: 30    Int: 18    God:    Dithmenos [*****.]
Gold:   832        SH: 10    Dex: 17    Spells: 11 memorised, 8 levels left

rFire  . . .     SeeInvis +     a - +2 dagger (elec)
rCold  . . .     Gourm    .     G - +2 robe
rNeg   . . .     Faith    +     x - +2 buckler
rPois  +         Spirit   .     (helmet restricted)
rElec  .         Dismiss  .     A - +1 cloak
rCorr  .         Reflect  .     (gloves unavailable)
SustAt .         Harm     .     (boots unavailable)
MR     +++..                    o - amulet of faith
Stlth  +++++++++.               E - ring of poison resistance
                                v - ring of protection from magic

@: very slightly contaminated, wreathed by umbra, repel missiles, very quick,
extremely resistant to hostile enchantments, incredibly stealthy
A: unfitting armour, see invisible, herbivore 3, speed 3, slow metabolism 2
a: Shadow Step, Shadow Form, Renounce Religion


You were on level 7 of the Lair of Beasts.
You worshipped Dithmenos.
Dithmenos was extremely pleased with you.
You were not hungry.

You visited 3 branches of the dungeon, and saw 19 of its levels.

You collected 1191 gold pieces.
You spent 359 gold pieces at shops.

Inventory:

Hand Weapons
 a - a +2 dagger of electrocution (weapon)
 b - a +0 hunting sling
 f - a +1 dagger
 F - a +0 rapier
Missiles
 e - a tomahawk of dispersal (quivered)
 H - 3 throwing nets
Armour
 h - the +1 robe of Caafao {+Inv rPois rC-}
   (You found it on level 5 of the Dungeon)

   It makes you vulnerable to cold.
   It protects you from poison.
   It lets you turn invisible.
 x - a +2 buckler (worn)
 A - a +1 cloak (worn)
 G - a +2 robe (worn)
 R - a +0 troll leather armour
 S - a +0 robe of resistance
Jewellery
 o - an amulet of faith (around neck)
 v - a ring of protection from magic (left hand)
 w - an uncursed ring of sustain attributes
 E - a ring of poison resistance (right hand)
Wands
 J - a wand of iceblast (0/15)
Scrolls
 d - 5 scrolls of blinking
 l - 4 scrolls of remove curse
 m - a scroll of amnesia
 p - 4 scrolls of enchant armour
 q - 3 scrolls of identify
 s - a scroll of summoning {unknown}
 y - 4 scrolls of teleportation
 B - 4 scrolls of enchant weapon
 C - a scroll of fog
 I - 6 scrolls of magic mapping
Potions
 c - a potion of haste
 g - 2 potions of might
 k - a potion of resistance
 r - 3 potions of magic
 t - a potion of brilliance
 u - 2 potions of invisibility
 z - a potion of berserk rage
 D - 3 potions of curing
 K - a potion of cure mutation
 M - 2 potions of heal wounds
 P - 3 potions of flight
 V - 4 potions of agility
Books
 i - a book of Dreams

   Spells                             Type                      Level
   a - Ensorcelled Hibernation        Hexes/Ice                    2
   b - Silence                        Hexes/Air                    5
   c - Darkness                       Hexes                        6
   d - Shadow Creatures               Summoning                    6
Comestibles
 j - 17 fruits
 n - 6 royal jellies
 N - 3 bread rations {@e1}


   Skills:
 - Level 8.4 Fighting
 - Level 4.5 Short Blades
 - Level 1.0 Throwing
 - Level 14.2 Dodging
 - Level 12.1 Stealth
 * Level 7.0 Shields
 - Level 11.6 Spellcasting
 - Level 2.0 Conjurations
 - Level 3.0 Hexes
 - Level 6.6 Charms
 - Level 4.4 Summonings
 - Level 4.6 Translocations


You had 8 spell levels left.
You knew the following spells:

 Your Spells              Type           Power        Failure   Level  Hunger
a - Magic Dart            Conj           ###.         3%          1    None
b - Shroud of Golubria    Chrm/Tloc      ####......   1%          2    None
c - Passage of Golubria   Tloc           N/A          12%         4    ##.....
d - Mephitic Cloud        Conj/Pois/Air  ##......     17%         3    None
e - Call Imp              Summ           ####....     1%          2    None
f - Repel Missiles        Chrm/Air       ###...       2%          2    None
i - Teleport Other        Tloc           ####....     2%          3    None
k - Apportation           Tloc           ####......   1%          1    None
n - Summon Forest         Summ/Tloc      ####......   34%         5    ####...
o - Ensorcelled Hibernat  Hex/Ice        ###...       8%          2    None
p - Blink                 Tloc           N/A          1%          2    None


Dungeon Overview and Level Annotations

Branches:
Dungeon (11/15)            Temple (1/1) D:6            Lair (7/8) D:11
 Shoals (0/4) Lair:4       Spider (0/4) Lair:6        Slime (0/6) Lair:7
    Orc: D:9-12

Altars:
Cheibriados
Dithmenos
Elyvilon
Fedhas
Gozag
Makhleb
Okawaru
Qazlal
Ru
Sif Muna
Trog
Xom
Zin
The Shining One

Shops:
D:5 *   D:9 *

Annotations:
D:5 Duvessa
D:6 exclusion: wight
D:8 Gastronok
D:9 2 runed doors, Anachron's ghost, novice TrBe
Lair:1 exclusion: Urug, Urug
Lair:2 exclusion: 2 hydras, Fannar; Rupert
Lair:3 exclusion: hydra, Harold
Lair:5 Nessos
Lair:6 exclusions: jumping spider and redback


Innate Abilities, Weirdness & Mutations

You are tiny and cannot use many weapons and most armour.
You have supernaturally acute eyesight.
You are a herbivore.
You cover ground extremely quickly.
You need consume almost no food.


Message History

You take 23 damage, and have 38/69 hp.
MASSIVE DAMAGE!!
You hit the death yak but do no damage.
There is a sudden explosion of sparks!
You hit the death yak but do no damage.
There is a sudden explosion of sparks!
The death yak barely misses you.
You barely miss the death yak.
Your shadow hits the death yak but does no damage.
The death yak gores you!
* * * LOW HITPOINT WARNING * * *
You take 16 damage, and have 22/69 hp.
MASSIVE DAMAGE!!
You hit the death yak but do no damage. The death yak completely misses you.
Aim: a death yak (almost dead, umbra)
The ball explodes into a vile cloud!
The stinking cloud engulfs the death yak.
You hear a bellow!
The death yak is engulfed in noxious fumes.
You now have 22/29 mp.
You are too injured to fight recklessly!
The death yak is engulfed in noxious fumes.
The death yak gores you!!
You die...

# ### #..#..........####..##.##.#
.##.####.....P.......##.#........
#.##..##.....P.......##..........
..P#.............................
.).................÷..#..#.......
...#....)##........÷P#######.....
#######..###.#..#....## #.....
#..####.##.#....## #...##
##..P###..@#.....# ##...#
######†.###...Y...PPP# #####
##P#...†+###....§...PP#
##.........##...§§...PP#
#................§§....#
##.............)......#.##
#....................##.#
#.........P........###.>.
#.........##.#....##.....


You could see a death yak.

Vanquished Creatures
  Snorg (Lair:5)
  Josephine (Lair:6)
  A hydra (Lair:5)
  4 death yaks
  A hill giant (D:8)
  3 elephants (Lair:4)
  9 black mambas
  9 spiny frogs
  A rime drake (Lair:6)
  7 komodo dragons
  A troll (D:10)
  2 two-headed ogres
  10 blink frogs
  A wyvern (Lair:2)
  4 wraiths
  3 basilisks
  10 hippogriffs
  15 yaks
  2 soldier ants (D:9)
  20 water moccasins
  11 porcupines
  A black bear (D:4)
  An ice beast (D:9)
  A sky beast (D:6)
  2 wasps (D:9)
  2 phantoms
  2 orc warriors
  A necrophage (D:8)
  4 ogres
  6 centaurs
  7 crocodiles
  14 giant frogs
  2 scorpions
  Dowan (D:5)
  9 killer bees (D:9)
  2 howler monkeys
  4 wights (D:8)
  2 crimson imps
  3 centaur zombies
  17 jellies
  A giant frog zombie (D:6)
  2 centaur skeletons
  6 hounds
  5 orc priests
  16 orc wizards
  7 iguanas
  7 worker ants
  15 sheep
  2 worker ant zombies
  8 gnolls
  7 adders
  41 river rats
  2 shadow imps
  5 oozes
  6 adder skeletons
  An adder zombie (D:6)
  4 worms (D:2)
  3 dart slugs
  5 giant geckos
  32 orcs
  10 giant cockroaches
  8 goblins
  6 hobgoblins
  9 jackals
  5 kobolds
  5 quokkas
  2 ball pythons
  8 bats
  A giant cockroach zombie (D:6)
  A giant gecko skeleton (D:7)
  6 giant newts
  3 goblin skeletons (D:7)
  A goblin zombie (D:7)
  3 hobgoblin zombies (D:7)
  4 kobold skeletons (D:7)
  A kobold zombie (D:7)
  8 rats
453 creatures vanquished.

Vanquished Creatures (collateral kills)
  A black mamba (Lair:6)
1 creature vanquished.

Vanquished Creatures (others)
  An orc wizard (D:6)
  13 fungi
  6 plants
20 creatures vanquished.

Grand Total: 474 creatures vanquished

Notes
Turn   | Place    | Note
--------------------------------------------------------------
     0 | D:1      | vale the Spriggan Warper began the quest for the Orb.
     0 | D:1      | Reached XP level 1. HP: 10/10 MP: 5/5
   155 | D:1      | Reached skill level 1 in Stealth
   357 | D:1      | Reached XP level 2. HP: 14/14 MP: 6/6
   967 | D:1      | Learned a level 2 spell: Shroud of Golubria
   970 | D:1      | Learned a level 2 spell: Blink
  1353 | D:1      | Reached XP level 3. HP: 16/18 MP: 4/8
  2470 | D:2      | Reached skill level 4 in Dodging
  3064 | D:2      | Found a snail-covered altar of Cheibriados.
  3167 | D:2      | Reached skill level 5 in Stealth
  3167 | D:2      | Reached XP level 4. HP: 20/22 MP: 6/9
  3324 | D:2      | Found a blossoming altar of Fedhas.
  3402 | D:2      | Learned a level 3 spell: Teleport Other
  5063 | D:4      | Found a shadowy altar of Dithmenos.
  5072 | D:4      | Became a worshipper of Dithmenos the Shadowed
  5124 | D:4      | Noticed an ogre
  5184 | D:5      | Entered Level 5 of the Dungeon
  5618 | D:5      | Found a stormy altar of Qazlal.
  6955 | D:4      | Noticed a phantom
  7024 | D:4      | Reached skill level 5 in Dodging
  8640 | D:3      | Reached XP level 5. HP: 21/25 MP: 6/10
  8975 | D:4      | HP: 1/37 [worker ant (4)]
  9244 | D:2      | this is ridiculous
  9257 | D:2      | i fucked something up
 10344 | D:4      | Found a sacrificial altar of Ru.
 11878 | D:3      | i'm about ready to quit
 12129 | D:5      | Found Rioceruq's Assorted Antiques.
 12132 | D:5      | Bought a cyan potion for 22 gold pieces
 12132 | D:5      | Bought 2 scrolls labeled GELOGG ENLO for 50 gold pieces
 12132 | D:5      | Bought a sapphire potion for 22 gold pieces
 12132 | D:5      | Bought an iron wand for 100 gold pieces
 12232 | D:5      | Found a burning altar of Makhleb.
 12233 | D:5      | Noticed Duvessa
 12233 | D:5      | Noticed Dowan
 12233 | D:5      | Noticed a black bear
 12253 | D:5      | Found a white marble altar of Elyvilon.
 12445 | D:5      | Got an opalescent robe
 12451 | D:5      | Found a shimmering altar of Xom.
 12485 | D:5      | Identified the cursed +1 robe of Caafao {+Inv rPois rC-} (You found it on level 5 of the Dungeon)
 13354 | D:6      | Found a staircase to the Ecumenical Temple.
 13399 | Temple   | Entered the Ecumenical Temple
 13418 | D:6      | Noticed a sky beast
 13438 | D:6      | Killed a sky beast
 13438 | D:6      | Reached XP level 6. HP: 32/32 MP: 11/11
 13832 | D:6      | Found an iron altar of Okawaru.
 14341 | D:7      | Noticed a hippogriff
 14349 | D:7      | fucking everything is awake
 14929 | D:7      | Noticed a water moccasin
 15238 | D:7      | Reached XP level 7. HP: 23/36 MP: 12/12
 15255 | D:8      | Noticed Gastronok
 15387 | D:7      | Noticed a two-headed ogre
 15420 | D:7      | Noticed a hippogriff
 15469 | D:7      | Found a glowing golden altar of the Shining One.
 16455 | D:6      | Reached * piety under Dithmenos
 16804 | D:6      | WIZARD PARTY
 17515 | D:5      | Reached skill level 5 in Fighting
 17868 | D:4      | Reached XP level 8. HP: 32/43 MP: 10/13
 18050 | D:5      | Killed Dowan
 19066 | D:6      | Reached skill level 5 in Spellcasting
 19212 | D:6      | Reached ** piety under Dithmenos
 19752 | D:7      | Found a bloodstained altar of Trog.
 19978 | D:7      | Reached XP level 9. HP: 36/47 MP: 22/22
 20224 | D:7      | Reached skill level 6 in Dodging
 20314 | D:7      | Learned a level 5 spell: Summon Forest
 20417 | D:8      | Reached skill level 7 in Dodging
 20449 | D:8      | Learned a level 2 spell: Repel Missiles
 20460 | D:8      | Learned a level 2 spell: Call Imp
 20464 | D:8      | Learned a level 3 spell: Mephitic Cloud
 20537 | D:8      | Reached skill level 8 in Dodging
 20614 | D:9      | Found Kidd's General Store.
 20635 | D:9      | Bought a bread ration for 75 gold pieces
 20635 | D:9      | Bought 2 potions of curing for 90 gold pieces
 20657 | D:9      | Reached *** piety under Dithmenos
 20668 | D:9      | Reached skill level 9 in Dodging
 20704 | D:9      | Learned a level 4 spell: Passage of Golubria
 20847 | D:9      | Found a runed door.
 20863 | D:9      | Found a runed door.
 20870 | D:9      | Noticed Anachron's ghost (novice TrBe)
 20934 | D:8      | Reached skill level 10 in Dodging
 21474 | D:9      | Reached skill level 11 in Dodging
 21498 | D:9      | Reached skill level 1 in Charms
 21509 | D:9      | Found an opulent altar of Gozag.
 21555 | D:9      | Noticed a hill giant
 21633 | D:8      | Killed a hill giant
 21633 | D:8      | Reached XP level 10. HP: 51/51 MP: 12/24
 21739 | D:9      | Reached skill level 10 in Stealth
 21749 | D:9      | Reached skill level 5 in Charms
 22321 | D:9      | Reached **** piety under Dithmenos
 22430 | D:9      | Reached skill level 1 in Summonings
 22586 | D:9      | Found a deep blue altar of Sif Muna.
 22688 | D:10     | Entered Level 10 of the Dungeon
 22932 | D:10     | Found an iron altar of Okawaru.
 23591 | D:11     | Reached skill level 1 in Conjurations
 23795 | D:11     | Found a staircase to the Lair.
 23841 | D:11     | Noticed a cyclops
 23841 | Lair:1   | Entered Level 1 of the Lair of Beasts
 24479 | Lair:1   | Noticed Urug
 24576 | Lair:1   | Reached XP level 11. HP: 45/58 MP: 17/25
 24691 | Lair:2   | Noticed a four-headed hydra
 24885 | Lair:2   | Noticed a seven-headed hydra
 25719 | Lair:3   | Noticed Fannar
 26238 | Lair:3   | Noticed Rupert
 26412 | Lair:2   | Reached ***** piety under Dithmenos
 26921 | Lair:3   | Noticed a six-headed hydra
 27636 | Lair:3   | Noticed Harold
 28402 | Lair:4   | Reached skill level 12 in Dodging
 28498 | Lair:1   | Learned a level 1 spell: Magic Dart
 28837 | Lair:4   | Reached skill level 13 in Dodging
 29642 | Lair:4   | Found a staircase to the Shoals.
 29815 | Lair:4   | Reached XP level 12. HP: 56/65 MP: 26/26
 30186 | Lair:5   | Noticed Nessos
 30274 | Lair:5   | Reached skill level 14 in Dodging
 30327 | Lair:5   | Reached skill level 10 in Spellcasting
 30623 | Lair:5   | You fall through a shaft for 2 floors!
 30624 | Lair:7   | Noticed a six-headed hydra
 30684 | Lair:6   | Reached skill level 1 in Shields
 30988 | Lair:6   | Noticed an eight-headed hydra
 31668 | Lair:5   | Noticed a four-headed hydra
 31676 | Lair:5   | Killed a four-headed hydra
 31761 | Lair:5   | Learned a level 2 spell: Ensorcelled Hibernation
 31774 | Lair:5   | Noticed Snorg
 31817 | Lair:5   | Killed Snorg
 32346 | Lair:6   | Noticed Josephine
 32364 | Lair:6   | Killed Josephine
 32814 | Lair:6   | Noticed a death yak
 32817 | Lair:6   | Noticed a death yak
 32817 | Lair:6   | Noticed a death yak
 32819 | Lair:6   | Noticed a death yak
 32860 | Lair:7   | Noticed a death yak
 32860 | Lair:7   | Noticed a death yak
 32860 | Lair:7   | Noticed a death yak
 32862 | Lair:7   | Noticed a death yak
 32862 | Lair:7   | Noticed a death yak
 32862 | Lair:7   | Noticed a death yak
 32909 | Lair:6   | Reached skill level 5 in Shields
 33078 | Lair:6   | Killed a death yak
 33090 | Lair:6   | Killed a death yak
 33425 | Lair:6   | just need a spiny frog and a blink frog to complete the set of pain in the ass lair monsters
 33471 | Lair:5   | forgot one
 33534 | Lair:5   | Killed a death yak
 33534 | Lair:5   | Reached skill level 1 in Hexes
 33926 | Lair:6   | Found a hole to the Spider Nest.
 33977 | Lair:6   | Reached XP level 13. HP: 69/69 MP: 20/29
 34334 | Lair:7   | Found a staircase to the Slime Pits.
 34768 | Lair:7   | Slain by a death yak

Skill      XL: |  1  2  3  4  5  6  7  8  9 10 11 12 13 |
---------------+----------------------------------------+-----
Stealth        | 2 4 5 7 8 9 12 | 12.1
Dodging        | 4 5 11 13 14 | 14.2
Short Blades   | 4 |  4.5
Fighting       | 2 3 5 6 8 |  8.4
Spellcasting   | 8 9 11 | 11.6
Charms         | 3 6 |  6.6
Summonings     | 2 4 |  4.4
Conjurations   | 1 2 |  2.0
Shields        | 5 7 |  7.0
Hexes          | 2 3 |  3.0
Throwing       | |  1.0
Translocations | |  4.6

Action                   |  1- 3 |  4- 6 |  7- 9 | 10-12 | 13-15 || total
-------------------------+-------+-------+-------+-------+-------++-------
Melee: Short sword       |    94 |       |       |       |       ||    94
       Dagger            |    79 |   598 |   365 |   940 |   128 ||  2110
       Spear             |    34 |       |       |       |       ||    34
       Rapier            |       |       |   242 |       |       ||   242
 Fire: Hunting sling     |       |   242 |     1 |       |       ||   243
Throw: Stone             |    34 |    46 |       |       |       ||    80
       Tomahawk          |       |       |       |     4 |       ||     4
 Cast: Shroud of Golubri |    18 |    51 |    58 |    58 |     6 ||   191
       Apportation       |     1 |       |       |       |       ||     1
       Teleport Other    |       |    32 |     9 |     9 |       ||    50
       Blink             |       |    10 |     5 |    10 |       ||    25
       Mephitic Cloud    |       |       |     4 |    42 |     4 ||    50
       Repel Missiles    |       |       |     1 |       |       ||     1
       Call Imp          |       |       |       |    39 |     3 ||    42
       Magic Dart        |       |       |       |     6 |       ||     6
       Ensorcelled Hiber |       |       |       |     8 |    21 ||    29
Invok: Shadow Step       |       |       |       |     6 |       ||     6
Evoke: Wand              |       |       |       |     7 |       ||     7
  Use: Scroll            |     2 |     9 |     8 |     9 |     1 ||    29
       Potion            |       |     6 |       |       |       ||     6
 Stab: Sleeping          |     9 |    11 |    16 |    73 |    27 ||   136
       Distracted        |       |     1 |     1 |     3 |       ||     5
       Confused          |       |       |     1 |    25 |     3 ||    29
  Eat: Royal jelly       |     1 |       |       |     3 |     1 ||     5
       Fruit             |       |     3 |     3 |       |       ||     6
       Bread ration      |       |     2 |     2 |       |       ||     4
       Pizza             |       |     2 |       |     1 |       ||     3
Armor: Robe              |     9 |    54 |    38 |    32 |     1 ||   134
       Skin              |       |    11 |       |       |       ||    11
Dodge: Dodged            |   145 |   479 |   483 |   651 |    60 ||  1818
Block: Buckler           |       |       |       |    91 |    42 ||   133
